 Dungeon Sprint DCSS version 0.19-a0-1882-gbb73ea0 (webtiles) character file.

7 monday the Digger (level 2, -21/18 HPs)
             Began as a Gargoyle Earth Elementalist on Oct 14, 2016.
             Was an Initiate of Vehumet.
             Demolished by a hill giant
             ... wielding a +0 giant spiked club
              (28 damage)
             ... in the Dungeon (Sprint V: "Ziggurat Sprint").
             The game lasted 00:03:27 (129 turns).

monday the Digger (Gargoyle Earth Elementalist)      Turns: 129, Time: 00:03:28

Health: -21/18     AC:  5    Str: 11    XL:     2   Next: 0%
Magic:  12/12      EV: 12    Int: 21    God:    Vehumet [......]
Gold:   0          SH:  0    Dex: 10    Spells: 1 memorised, 6 levels left

rFire  . . .     SeeInvis .     x - +6 Majin-Bo {vamp, Archmagi MP+6 Int+6}
rCold  . . .     Gourm    .     c - +0 robe
rNeg   + . .     Faith    .     (shield currently unavailable)
rPois  ∞         Spirit   .     (no helmet)
rElec  +         Dismiss  .     (no cloak)
rCorr  .         Reflect  .     (no gloves)
MR     .....     Harm     .     (no boots)
Stlth  ++........ NoTele   +    (no amulet)
                                (no ring)
                                (no ring)

@: no status effects
A: negative energy resistance 1, electricity resistance, unbreathing,
petrification resistance, rot immunity, AC +2
a: Renounce Religion


You were in the Dungeon.
You worshipped Vehumet.
Vehumet was noncommittal.
You were not hungry.

You visited 1 branch

Inventory:

Hand Weapons
 x - the +6 Majin-Bo (weapon) {vamp, Archmagi MP+6 Int+6}
   (You found it in the Dungeon)

   It inflicts no extra harm, but heals its wielder when it wounds a living foe.
   It affects your intelligence (+6).
   It affects your magic capacity (+6).
 y - the +9 heavy crossbow "Sniper" {velocity, nevermiss, SInv}
   (You found it in the Dungeon)

   Any bolt fired from it inflicts extra damage.
   It lets you see invisible.
Missiles
 b - 20 stones (quivered)
 z - 1000 bolts
Armour
 c - a +0 robe (worn)
 A - a +3 shield
 B - +5 fire dragon scales
 C - +5 ice dragon scales
Magical Staves
 o - an uncursed staff of energy
Jewellery
 p - a +6 ring of dexterity
 q - a +6 ring of dexterity
 r - a +6 ring of intelligence
 s - a +6 ring of intelligence
 t - a +6 ring of strength
 u - a +6 ring of strength
 v - an uncursed ring of flight
Wands
 a - a wand of disintegration (7/24)
 l - a wand of iceblast (3/15)
 m - a wand of lightning (4/15)
 n - a wand of acid (5/15)
Scrolls
 j - 4 scrolls of blinking
 J - 4 scrolls of amnesia
 K - 3 scrolls of recharging
 L - 7 scrolls of fog
 M - a scroll of holy word
 N - 5 scrolls of identify
 O - 5 scrolls of remove curse
 P - 2 scrolls of fear
Potions
 e - 10 potions of curing
 f - 10 potions of heal wounds
 g - 6 potions of haste
 h - 7 potions of magic
 i - 3 potions of berserk rage
 D - 2 potions of brilliance
 E - 2 potions of invisibility
 F - 4 potions of resistance
 H - 5 potions of agility
 I - 5 potions of might
Books
 k - a book of Geomancy

   Spells                             Type                      Level
   a - Sandblast                      Earth                        1
   b - Passwall                       Transmutation/Earth          2
   c - Stone Arrow                    Conjuration/Earth            3
   d - Petrify                        Transmutation/Earth          4
   e - Lee's Rapid Deconstruction     Earth                        5
Miscellaneous
 w - a disc of storms
Comestibles
 d - 5 bread rations
 Q - 42 fruits
 R - 3 meat rations


   Skills:
 - Level 2.5 Fighting
 - Level 2.4 Staves
 - Level 2.8 Armour
 - Level 2.7 Dodging
 - Level 2.1 Stealth
 + Level 3.1 Spellcasting
   Level 0.7 Transmutations
 * Level 6.0 Earth Magic


You had 6 spell levels left.
You knew the following spells:

 Your Spells              Type           Power        Failure   Level  Hunger
a - Sandblast             Erth           #####.       1%          1    None


Dungeon Overview and Level Annotations

Branches:
Dungeon (1/1)

Altars:
Ashenzari
Cheibriados
Dithmenos
Elyvilon
Fedhas
Gozag
Hepliaklqana
Kikubaaqudgha
Makhleb
Nemelex Xobeh
Okawaru
Qazlal
Ru
Sif Muna
Trog
Uskayaw
Vehumet
Xom
Yredelemnul
Zin
The Shining One
Beogh
Jiyva
Lugonu


Innate Abilities, Weirdness & Mutations

You are resistant to torment.
Your stone body is resilient. (AC +2)
You are immune to poison.
You resist negative energy. (rN+)
You are resistant to electric shocks. (rElec)
You can survive without breathing.
You are immune to petrification.
You are immune to rotting.


Message History

Press: ? - help, Shift-Dir - straight line, f/p - skeletal warrior
Aim: a skeletal warrior, wielding a halberd (lightly damaged)
The mass of ice explodes!
The iceblast engulfs the skeletal warrior.
The skeletal warrior is lightly damaged.
The iceblast engulfs the hill giant.
The hill giant is moderately wounded.
This wand has 3 charges left.
The skeletal warrior barely misses you.
Evoke which item? (* to show all) (? for menu, Esc to quit)
Zapping:
m - a wand of lightning (5/15)
Press: ? - help, Shift-Dir - straight line, f/p - skeletal warrior
Aim: a skeletal warrior, wielding a halberd (lightly damaged)
You hear a mighty clap of thunder!
The bolt of lightning hits the hill giant.
The hill giant is heavily wounded.
The bolt of lightning misses the skeletal warrior.
This wand has 4 charges left.
The hill giant hits you with a giant spiked club!!
Ouch! That really hurt!
You die...

▓▓▓▓▓▓▓
▓.8©8.▓
▓.....▓
▓.).|.▓
▓..z..▓
▓..C..▓
▓..@..▓
▓▓▓▓▓▓▓


You could see a skeletal warrior and a hill giant.

Vanquished Creatures (others)
  A spatial maelstrom (D)
1 creature vanquished.

Notes
Turn   | Place    | Note
-------+----------+-------------------------------------------
     0 | D        | monday the Gargoyle Earth Elementalist began the quest for the Orb.
     0 | D        | Reached XP level 1. HP: 10/10 MP: 3/3
     0 | D        | Found a bloodstained altar of Trog.
     0 | D        | Found a deep blue altar of Sif Muna.
     0 | D        | Found a sacrificial altar of Ru.
     0 | D        | Found a stormy altar of Qazlal.
     0 | D        | Found an iron altar of Okawaru.
     4 | D        | Became a worshipper of Vehumet
     8 | D        | Found a sparkling altar of Nemelex Xobeh.
    10 | D        | Found a corrupted altar of Lugonu.
    10 | D        | Found an ancient bone altar of Kikubaaqudgha.
    10 | D        | Found a burning altar of Makhleb.
    10 | D        | Found a viscous altar of Jiyva.
    10 | D        | Found a hazy altar of Hepliaklqana.
    16 | D        | Banished a spatial maelstrom
    23 | D        | Found an opulent altar of Gozag.
    24 | D        | Found a blossoming altar of Fedhas.
    62 | D        | Reached skill level 6 in Earth Magic
    62 | D        | Reached XP level 2. HP: 18/18 MP: 4/6
   126 | D        | Entered arena 1.
   126 | D        | Noticed a skeletal warrior
   126 | D        | Noticed a hill giant
   129 | D        | Demolished by a hill giant

Vault maps used:
D:        sprint_v

Skill      XL: |  1 |
---------------+----+-----
Fighting       | 2 |  2.5
Staves         | 2 |  2.4
Armour         | 2 |  2.8
Dodging        | 2 |  2.7
Spellcasting   | 3 |  3.1
Earth Magic    | 6 |  6.0
Stealth        | |  2.1
Transmutations | |  0.7

Action                   || total
-------------------------++-------
Evoke: Wand              ||     3
  Use: Potion            ||     1
  Eat: Meat ration       ||     1
Dodge: Dodged            ||     1
